 Dungeon Crawl Stone Soup version 0.27.1-34-g3ba077fa99 (webtiles) character file.

Game seed: 5392035908509669156

317 pkoi the Insei (level 6, 0/51 HPs)
             Began as a Draconian Monk on Jan 7, 2022.
             Slain by Edmund (8 damage)
             ... on level 3 of the Dungeon.
             The game lasted 00:03:25 (4222 turns).

pkoi the Insei (Draconian Monk)                     Turns: 4222, Time: 00:03:26

Health: 0/51       AC:  7    Str: 13    XL:     6   Next: 20%
Magic:  6/6        EV: 12    Int: 13    God:
Gold:   152        SH:  0    Dex: 13    Spells: 5/5 levels left

rFire    . . .     SeeInvis +   l - +0 dagger (venom)
rCold    . . .     Faith    .   (no shield)
rNeg     . . .     Spirit   .   (armour unavailable)
rPois    .         Reflect  .   (helmet restricted)
rElec    .         Harm     .   (no cloak)
rCorr    .         Rampage  .   i - +0 pair of gloves
Will     .....                  (no boots)
Stlth    ++........             (no amulet)
HPRegen  0.17/turn              b - ring of see invisible
MPRegen  0.10/turn              (no ring)

@: no status effects
A: AC +6, unfitting armour, cold-blooded
a: no special abilities


You were on level 3 of the Dungeon.
You visited 1 branch of the dungeon, and saw 4 of its levels.

You collected 152 gold pieces.

Inventory:

Hand Weapons
 e - a +0 dagger
 l - a +0 dagger of venom (weapon)
Missiles
 j - 9 poisoned darts (quivered)
Armour
 i - a +0 pair of gloves (worn)
Jewellery
 b - a ring of see invisible (left hand)
 m - a ring of resist corrosion
Scrolls
 a - a scroll of summoning {unknown}
 c - 3 scrolls of identify
 d - 2 scrolls of enchant weapon {unknown}
 f - a scroll of magic mapping {unknown}
 h - a scroll of immolation {unknown}
 k - a scroll of fog {unknown}
Potions
 g - a potion of curing


   Skills:
 - Level 3.2 Fighting
 - Level 2.6 Dodging
 - Level 1.7 Stealth
 + Level 7.0 Unarmed Combat


You had 5 spell levels left.
You didn't know any spells.
Your spell library contained the following spells:

 Spells                   Type           Power      Damage    Failure   Level
 Corona                   Hex            0%         N/A       30%         1
 Magic Dart               Conj           0%         1d3       30%         1
 Call Imp                 Summ           0%         N/A       43%         2
 Ensorcelled Hibernation  Hex/Ice        0%         N/A       43%         2
 Frozen Ramparts          Ice            0%         1d2       67%         3
 Mephitic Cloud           Conj/Pois/Air  0%         N/A       67%         3
 Ozocubu's Armour         Ice            0%         N/A       67%         3
 Tukima's Dance           Hex            0%         N/A       67%         3
 Ice Form                 Ice/Tmut       0%         N/A       97%         4
 Summon Ice Beast         Ice/Summ       0%         N/A       97%         4
 Ozocubu's Refrigeration  Ice            0%         4d5       100%        7


Dungeon Overview and Level Annotations

Branches:
Dungeon (4/15)
 Temple: D:4-7

Altars:
Beogh

Annotations:
D:3 Edmund
D:4 Ijyb


Innate Abilities, Weirdness & Mutations

Your plain brown scales are hard. (AC +6)
You cannot fit into any form of body armour.
You are cold-blooded and may be slowed by cold attacks.


Message History

You barely miss Edmund.
Edmund is heavily wounded.
Edmund hits you but does no damage.
It was a potion of curing.
You feel better. Edmund hits you but does no damage.
You hit Edmund but do no damage. You tail-slap Edmund.
Edmund is severely wounded.
Edmund hits you with a +0 vorpal dire flail.
* * * LOW HITPOINT WARNING * * *
x2 You hit Edmund but do no damage.
You tail-slap Edmund, but do no damage.
Edmund is heavily wounded.
Edmund hits you with a +0 vorpal dire flail.
* * * LOW HITPOINT WARNING * * *
x2 You hit Edmund but do no damage.
Edmund is heavily wounded.
Edmund hits you with a +0 vorpal dire flail.
* * * LOW HITPOINT WARNING * * *
x2 You hit Edmund but do no damage.
Edmund is poisoned.
Edmund is heavily wounded.
Edmund misses you.
Edmund looks more healthy.
You hit Edmund. Your punch misses Edmund.
Edmund is almost dead.
Edmund completely misses you.
You barely miss Edmund.
Edmund is almost dead.
Edmund barely misses you.
You hit Edmund.
Edmund is almost dead.
Edmund misses you.
You barely miss Edmund.
Edmund is almost dead.
Edmund misses you.
You closely miss Edmund.
Edmund is almost dead.
Edmund hits you with a +0 vorpal dire flail!
* * * LOW HITPOINT WARNING * * *
x2 You closely miss Edmund.
Your tail-slap misses Edmund.
Edmund is almost dead.
Edmund hits you with a +0 vorpal dire flail!
You die...

#######.# #.##.###.....##
#.######.##.# ##.....######
#........##.#####..#.......
#########......##....######
#.#.........##
#.####.##.### #.# #.##.#
#.####.##.#
#.@@...##.######
#########......# #####
#..###.# #...#######
#..#.#.#
#.........###......####
#..)#####............># ###
##.########........##.# †.#
####......# ##...........
#.# #......##.#
##.#####.#.#


You could see Edmund.

Vanquished Creatures
  A centaur (D:4)
  A hound (D:4)
  A jelly (D:4)
  An orc wizard (D:4)
  A hound skeleton (D:4)
  6 adders
  3 worms
  3 orcs (D:4)
  4 endoplasms
  5 giant cockroaches
  2 goblins
  7 hobgoblins
  2 jackals (D:3)
  3 kobolds
  3 quokkas
  16 ball pythons
  4 bats
  4 frilled lizards
  9 rats
76 creatures vanquished.

Notes
Turn   | Place    | Note
-------+----------+-------------------------------------------
     0 | D:1      | pkoi the Draconian Monk began the quest for the Orb.
     0 | D:1      | Reached XP level 1. HP: 19/19 MP: 1/1
   171 | D:1      | Reached XP level 2. HP: 26/26 MP: 2/2
   870 | D:1      | Found a faded altar of an unknown god.
  1071 | D:1      | Reached skill level 4 in Unarmed Combat
  1470 | D:2      | Reached XP level 3. HP: 28/31 MP: 3/3
  2367 | D:3      | Reached XP level 4. HP: 32/38 MP: 4/4
  2614 | D:3      | Reached skill level 5 in Unarmed Combat
  3421 | D:4      | Reached XP level 5. HP: 37/45 MP: 5/5
  3598 | D:4      | Noticed a centaur
  3649 | D:4      | Killed a centaur
  3650 | D:4      | Reached skill level 6 in Unarmed Combat
  3964 | D:4      | Reached XP level 6. HP: 49/51 MP: 6/6
  4027 | D:4      | Reached skill level 7 in Unarmed Combat
  4155 | D:4      | Noticed Ijyb
  4156 | D:4      | Noticed Edmund
  4222 | D:3      | Slain by Edmund

Illustrated notes

Levels and vault maps discovered:
D:1:      dpeg_arrival_prison, layout_loops_corners,
          hellmonk_ecumenical_altar_defaced_shrine
D:2:      layout_loops_cross
D:3:      layout_loops_corners, minmay_snake_closets
D:4:      layout_basic, grunt_qazlal_sundering, serial_co_window_serial,
          co_window_cross_1, co_window_of_opportunity_a,
          co_window_of_opportunity_a, co_window_paths_b, co_window_paths_a,
          co_window_of_opportunity_a, co_window_of_opportunity_a,
          co_window_corner_b, co_window_unsneaky_path_c,
          co_window_unsneaky_path_e, co_window_of_opportunity_b,
          co_window_2corner, co_window_4corner_a, glass_columns_c,
          glass_columns_a, glass_columns_a, glass_columns_a, feat_on_display,
          uniq_ijyb, uniq_edmund

Skill      XL: |  1  2  3  4  5  6 |
---------------+-------------------+-----
Unarmed Combat | 4 5 6 7 |  7.0
Fighting       | |  3.2
Dodging        | |  2.6
Stealth        | |  1.7

Action                   |  1- 3 |  4- 6 || total
-------------------------+-------+-------++-------
Melee: Unarmed           |   163 |   107 ||   270
       Tailslap          |    21 |    18 ||    39
       Punch             |     1 |     3 ||     4
       Dagger            |       |    43 ||    43
  Use: Scroll            |     2 |       ||     2
       Potion            |       |     1 ||     1
 Stab: Sleeping          |     3 |     5 ||     8
Armor: Skin              |    42 |    36 ||    78
Dodge: Dodged            |    88 |    86 ||   174
